 Dungeon Crawl Stone Soup version 0.31.0 (webtiles) character file.

Game seed: 1532505897883316270

9429 Janerl the Basher (level 11, -5/99 HPs)
             Began as a Minotaur Berserker on Jan 17, 2024.
             Was a High Priest of Trog.
             Slain by a death yak (18 damage)
             ... on level 9 of the Dungeon on Jan 19, 2024.
             The game lasted 00:35:57 (8550 turns).

Janerl the Basher (Minotaur Berserker)              Turns: 8550, Time: 00:35:57

Health: -5/99      AC: 18    Str: 31    XL:     11   Next: 22%
Magic:  10/10      EV: 13    Int:  6    God:    Trog [*****.]
Gold:   659        SH:  0    Dex: 13    Spells: 10/10 levels left

rFire   . . .        a - +2 war axe (elec)
rCold   + . .        (no shield)
rNeg    + . .        I - +8 scale mail of the Ward {-Tele rN+ Str+4 SInv}
rPois   .            (helmet restricted)
rElec   .            s - +0 cloak
rCorr   .            t - +0 pair of gloves
SInv    +            (no boots)
Will    .....        (no amulet)
Stlth   +            z - +6 ring of strength
HPRegen 0.36/turn    D - ring of protection from cold
MPRegen 0.12/turn

%: no teleportation
@: on berserk cooldown, slowed, very slow
A: horns 2, retaliatory headbutt
a: Renounce Religion, Berserk, Trog's Hand, Brothers in Arms


You were on level 9 of the Dungeon.
You worshipped Trog.
Trog was extremely pleased with you.
You visited 1 branch of the dungeon, and saw 10 of its levels.

You collected 659 gold pieces.

Inventory:

Hand Weapons
 a - a +2 war axe of electrocution (weapon)
 b - the +6 sling of the Messenger {drain, rF- rN++ Int+8 SInv}
   (You found it on level 9 of the Dungeon)

   Int+8:     It affects your intelligence (+8).
   rF-:       It makes you vulnerable to fire.
   rN++:      It greatly protects you from negative energy.
   SInv:      It lets you see invisible.
 e - a +0 orcbow
 H - a +4 spear of freezing
 K - a +2 heavy spear
 L - a +2 heavy mace
 U - a +3 halberd
Missiles
 h - 2 atropa-tipped darts
 j - 2 throwing nets (quivered)
 N - 9 boomerangs
 S - a curare-tipped dart
Armour
 s - a +0 cloak (worn)
 t - a +0 pair of gloves (worn)
 F - +0 steam dragon scales
 I - the +8 scale mail of the Ward (worn) {-Tele rN+ Str+4 SInv}
   (You found it on level 7 of the Dungeon)

   Str+4:     It affects your strength (+4).
   rN+:       It protects you from negative energy.
   SInv:      It lets you see invisible.
   -Tele:     It prevents most forms of teleportation.
Jewellery
 x - a ring of positive energy
 z - a +6 ring of strength (left hand)
 D - a ring of protection from cold (right hand)
 O - a ring of ice
Talismans
 y - a flux talisman
 M - a granite talisman
 T - a serpent talisman
Wands
 p - a wand of polymorph (15)
 q - a wand of mindburst (26)
 v - a wand of digging (6)
 G - a wand of charming (15)
Scrolls
 c - a scroll of enchant weapon {unknown}
 f - a scroll of amnesia {unknown}
 i - a scroll of acquirement {unknown}
 l - 2 scrolls of revelation
 m - 2 scrolls of blinking {unknown}
 n - 4 scrolls of teleportation
 u - a scroll of fog {unknown}
 w - 3 scrolls of fear {unknown}
 A - a scroll of brand weapon {unknown}
 B - 2 scrolls of enchant armour {unknown}
 R - a scroll of vulnerability {unknown}
 V - a scroll of immolation {unknown}
Potions
 d - 2 potions of berserk rage
 g - a potion of enlightenment {unknown}
 k - 6 potions of curing
 o - 2 potions of haste
 r - a potion of heal wounds {unknown}
 C - a potion of mutation {unknown}
 E - 3 potions of cancellation
 J - a potion of invisibility {unknown}
 P - a potion of degeneration {unknown}
 Q - 3 potions of attraction {unknown}


   Skills:
 + Level 10.0 Fighting
 + Level 3.4(10.0) Axes
 + Level 11.1(11.4) Maces & Flails
 + Level 9.6(9.9) Polearms
 + Level 2.5 Ranged Weapons
 + Level 7.5 Armour
 + Level 7.4 Dodging
 + Level 3.2 Stealth


You had 10 spell levels left.
You didn't know any spells.
Your spell library was empty.

Dungeon Overview and Level Annotations

Branches:
Dungeon (10/15)            Temple (0/1) D:4             Orc (0/2) D:9
   Lair: D:8-11

Altars:
Cheibriados
Elyvilon
Gozag
Hepliaklqana
Makhleb
Okawaru
Qazlal
Ru
Sif Muna
Uskayaw
Vehumet
Xom
Zin

Shops:
D:7 [

Annotations:
D:8 3 runed translucent doors, unlimited1921's ghost, novice DjFE


Innate Abilities, Weirdness & Mutations

You have a pair of horns on your head.
You reflexively headbutt those who attack you in melee.


Message History

You kill the ice beast!
The ice beast disappears in a puff of smoke!
You hear a deafening roar!
You closely miss Fannar. Your headbutt misses Fannar.
Fannar is heavily wounded.
Fannar barely misses you.
You miss Fannar.
Fannar is heavily wounded.
You slash the death yak! Fannar casts a spell at you.
The bolt of cold hits you! You resist.
The death yak gores you but does no damage.
You hit Fannar. Lightning courses through Fannar! You headbutt Fannar!
Fannar is severely wounded.
You hit the death yak. You completely miss Fannar. Your headbutt misses Fannar.
Fannar is severely wounded.
You hit the death yak. The death yak gores you! Fannar barely misses you.
You hit Fannar. Lightning courses through Fannar! You headbutt Fannar.
You kill Fannar!
Trog accepts your kill.
Trog appreciates your killing of a magic user.
You hit the death yak but do no damage.
You are no longer berserk.
You are exhausted.
You feel yourself slow down. The death yak gores you!
Your Fighting skill increases to level 10!
Your base Axes skill increases to level 3!
The death yak gores you but does no damage.
There is a stone staircase leading up here.
The death yak gores you!
You climb upwards.
There is a stone staircase leading down here.
The death yak attacks as it pursues you!
The death yak gores you but does no damage.
The death yak gores you! The death yak gores you!!
* * * LOW HITPOINT WARNING * * *
The death yak gores you!!
You die...

#.......#.....[.##.##.#
###...#.#...#...##.....
#..#...#...#...#####<#
#.###..#.#####.# #.#
##..#..##...#...# #.#
#...........#.#######.# ########
#[##..#.#.#...# #......
##...##.###.##..#...#..####.###.#
...#.#...##.##..@Y#.........# #.#
##..........###.#Y>.#..###### #..
####.#...#..###.)......# #.#
#.##.##.............## #.#
#<##...>...#######...# #..
#.#####.##.# #...# ###
#.......##.# #...#
#############.# #...#########
.^...# #.#######...........#


You could see 2 death yaks.

Vanquished Creatures
  Fannar (D:10)
  Amaemon (D:8)
  Pikel (D:8)
  Maurice (D:8)
  An orange demon (D:8)
  Maggie (D:6)
  A kobold demonologist (D:10)
  A hornet (D:8)
  Sigmund (D:3)
  A vampire (D:8)
  Eustachio (D:6)
  3 wyverns
  10 yaks (D:9)
  3 steam dragons
  Menkaure (D:4)
  A water moccasin (D:7)
  3 orc warriors
  An ice beast (D:5)
  A black bear (D:5)
  2 sky beasts
  An ogre (D:6)
  4 centaurs
  A phantom (D:5)
  4 kobold brigands
  2 gnoll sergeants
  A scorpion (D:5)
  12 wights
  4 killer bees
  4 howler monkeys
  2 bombardier beetles
  2 hounds
  2 gnoll boudas
  2 jellies
  3 orc priests
  Ijyb (D:3)
  Terence (D:2)
  3 iguanas
  5 orc wizards
  13 gnolls
  10 adders
  A white imp (D:7)
  2 ufetubi (D:5)
  A dart slug (D:5)
  36 orcs
  5 endoplasms
  6 goblins
  6 hobgoblins
  5 jackals (D:4)
  3 quokkas (D:2)
  8 ball pythons
  3 bats
  10 frilled lizards
  22 kobolds
  4 rats
225 creatures vanquished.

Notes
Turn   | Place    | Note
-------+----------+-------------------------------------------
     0 | D:1      | Janerl the Minotaur Berserker began the quest for the Orb.
     0 | D:1      | Reached XP level 1. HP: 19/19 MP: 0/0
   268 | D:1      | Reached skill level 4 in Maces & Flails
   268 | D:1      | Reached XP level 2. HP: 7/27 MP: 1/1
   834 | D:2      | Reached XP level 3. HP: 33/33 MP: 2/2
  1073 | D:2      | Reached ** piety under Trog
  1105 | D:2      | Noticed Terence
  1111 | D:2      | Killed Terence
  1112 | D:2      | Reached XP level 4. HP: 41/41 MP: 3/3
  1307 | D:2      | Reached skill level 5 in Maces & Flails
  1605 | D:3      | Noticed Sigmund
  1619 | D:3      | Killed Sigmund
  1620 | D:3      | Reached skill level 5 in Fighting
  1620 | D:3      | Reached skill level 6 in Maces & Flails
  1620 | D:3      | Reached skill level 1 in Stealth
  1620 | D:3      | Reached XP level 5. HP: 48/48 MP: 4/4
  1626 | D:3      | Upgraded the game from 0.31-b1-20-g67cafac56d to 0.31.0
  1692 | D:3      | Noticed Ijyb
  1702 | D:3      | Killed Ijyb
  1703 | D:3      | Reached XP level 6. HP: 47/56 MP: 5/5
  1986 | D:3      | Reached *** piety under Trog
  2214 | D:4      | Found a shimmering blue altar of Sif Muna.
  2434 | D:4      | Noticed Menkaure
  2447 | D:4      | Killed Menkaure
  2448 | D:4      | Reached skill level 7 in Maces & Flails
  2448 | D:4      | Reached XP level 7. HP: 59/62 MP: 6/6
  2528 | D:4      | Found a staircase to the Ecumenical Temple.
  2948 | D:4      | Reached skill level 8 in Maces & Flails
  2973 | D:4      | Found a hazy altar of Hepliaklqana.
  2975 | D:4      | Found a shimmering altar of Xom.
  2975 | D:4      | Found a glowing silver altar of Zin.
  3122 | D:4      | Found a snail-covered altar of Cheibriados.
  3352 | D:4      | Found a sacrificial altar of Ru.
  3442 | D:5      | Entered Level 5 of the Dungeon
  3801 | D:5      | Found an opulent altar of Gozag.
  3920 | D:5      | Reached XP level 8. HP: 52/71 MP: 7/7
  4040 | D:5      | Reached skill level 9 in Maces & Flails
  4114 | D:5      | Found a burning altar of Makhleb.
  4591 | D:6      | Noticed Maggie
  4599 | D:6      | Killed Maggie
  4600 | D:6      | Reached skill level 5 in Dodging
  4716 | D:6      | Noticed Eustachio
  4732 | D:6      | Killed Eustachio
  4733 | D:6      | Reached skill level 10 in Maces & Flails
  4779 | D:6      | Noticed a +0 hand axe
  4779 | D:6      | Noticed a +0 hand axe
  4784 | D:6      | Found a hide-covered altar of Uskayaw.
  5412 | D:7      | Reached XP level 9. HP: 45/80 MP: 8/8
  5811 | D:7      | Identified the +8 scale mail of the Ward {-Tele rN+ Str+4
                  | SInv}
  5840 | D:7      | Found a stormy altar of Qazlal.
  5868 | D:7      | Reached skill level 11 in Maces & Flails
  5915 | D:7      | Found Peecorr's Armour Emporium.
  5962 | D:7      | Reached skill level 1 in Polearms
  6114 | D:7      | Found an iron altar of Okawaru.
  6156 | D:7      | Found a radiant altar of Vehumet.
  6268 | D:8      | Reached **** piety under Trog
  6290 | D:8      | Noticed Maurice
  6296 | D:8      | Maurice stole a granite talisman
  6297 | D:8      | Maurice stole a +2 heavy mace
  6299 | D:8      | Killed Maurice
  6365 | D:8      | Noticed Amaemon
  6365 | D:8      | Noticed an orange demon
  6373 | D:8      | Killed Amaemon
  6374 | D:8      | Reached skill level 5 in Polearms
  6374 | D:8      | Reached XP level 10. HP: 90/90 MP: 9/9
  6378 | D:8      | Killed an orange demon
  6556 | D:8      | Found a white marble altar of Elyvilon.
  6578 | D:8      | Noticed Pikel
  6586 | D:8      | Killed Pikel
  6587 | D:8      | Reached skill level 5 in Armour
  6910 | D:9      | Reached ***** piety under Trog
  7055 | D:9      | Found a staircase to the Orcish Mines.
  7059 | D:9      | Identified the +6 sling of the Messenger {drain, rF- rN++
                  | Int+8 SInv}
  7781 | D:8      | Found a runed translucent gate.
  7781 | D:8      | Found a runed translucent gate.
  7781 | D:8      | Found a runed translucent gate.
  7845 | D:8      | Reached XP level 11. HP: 95/99 MP: 10/10
  7882 | D:8      | Reached skill level 1 in Ranged Weapons
  7942 | D:8      | Noticed unlimited1921's ghost (novice DjFE)
  8205 | D:8      | Reached skill level 1 in Axes
  8518 | D:10     | Entered Level 10 of the Dungeon
  8521 | D:10     | Noticed Fannar
  8529 | D:10     | Noticed a death yak
  8537 | D:10     | Noticed a death yak
  8537 | D:10     | Noticed a death yak
  8543 | D:10     | Killed Fannar
  8544 | D:10     | Reached skill level 10 in Fighting
  8550 | D:9      | Slain by a death yak

Illustrated notes

Levels and vault maps discovered:
D:1:      minmay_arrival_solitary_statue, layout_basic, minmay_lizard_king
D:2:      layout_basic, serial_forest, infiniplex_forest_straight_4,
          infiniplex_forest_lined_2, infiniplex_forest_clump_C,
          infiniplex_forest_zigzag_1, infiniplex_forest_lined_3,
          infiniplex_forest_clump_small, infiniplex_forest_end_3, uniq_terence
D:3:      layout_loops_ring, uniq_ijyb, uniq_sigmund
D:4:      layout_loops_corners, kennysheep_little_box,
          mainiacjoe_overflow_boulevard, gammafunk_temple_overflow_forgotten,
          mainiacjoe_overflow_six_doors_small, minmay_temple_entry_stoned_glass,
          nicolae_zig_zag_zippers, uniq_menkaure
D:5:      layout_cave_pools, nicolae_gozag_seed_capital, marbit_many_paths
D:6:      layout_basic, dancing_weapons_uskayaw, uniq_eustachio, uniq_maggie
D:7:      layout_rooms, nicolae_qazlal_general_emergency,
          mainiacjoe_overflow_alcove_4, kennysheep_mini, serial_shops,
          kennysheep_mini_moat
D:8:      layout_cave_pools, mainiacjoe_overflow_24_doors,
          gammafunk_ghost_necromancy, uniq_pikel, uniq_maurice, uniq_amaemon
D:9:      layout_loops_cross, orc_david_3
D:10:     layout_basic, dpeg_lair_monsters, minmay_liquid_box,
          hangedman_decor_riveting, st_stairs_5, uniq_fannar

Skill      XL: |  1  2  3  4  5  6  7  8  9 10 11 |
---------------+----------------------------------+-----
Fighting       | 4 5 6 7 8 9 10 | 10.0
Maces & Flails | 4 6 7 8 10 11 | 11.1
Dodging        | 3 4 5 7 |  7.4
Stealth        | 1 2 3 |  3.2
Armour         | 3 4 7 |  7.5
Polearms       | 5 9 |  9.6
Ranged Weapons | 2 |  2.5
Axes           | 3 |  3.4

Action                     |  1- 3 |  4- 6 |  7- 9 | 10-12 || total
---------------------------+-------+-------+-------+-------++-------
  Melee: Mace              |    61 |   104 |   163 |       ||   328
         Headbutt          |     4 |    13 |    47 |    38 ||   102
         Punch             |       |       |     6 |     2 ||     8
         Spear             |       |       |    77 |   129 ||   206
         War axe           |       |       |       |    54 ||    54
   Fire: Sling             |       |       |       |    44 ||    44
 Invoke: Berserk           |       |     3 |     6 |     1 ||    10
    Use: Scroll            |       |       |     3 |     4 ||     7
   Stab: Sleeping          |       |     2 |       |       ||     2
 Armour: Animal skin       |    41 |    49 |    75 |       ||   165
         Steam dragon scal |       |       |    39 |       ||    39
         Chain mail        |       |       |     1 |       ||     1
         Scale mail        |       |       |    54 |   123 ||   177
  Dodge: Dodged            |    48 |    53 |   158 |    91 ||   350
